 Dungeon Crawl Stone Soup version 0.30-a0-760-g5a9884bb7c (webtiles) character file.

Game seed: 16922935038880368135

34774 holysushi the Spry (level 13, -1/76 HPs)
             Began as a Vampire Monk on Feb 11, 2023.
             Was a Believer of Ru.
             Slain by a yak (4 damage)
             ... led by a torpor snail
             ... while petrified by a basilisk
             ... on level 5 of the Lair of Beasts.
             The game lasted 00:57:42 (26121 turns).

holysushi the Spry (Vampire Monk)                  Turns: 26121, Time: 00:57:43

Health: -1/76      AC:  0    Str: 10    XL:     13   Next: 44%
Magic:  13/13      EV:  5    Int: 17    God:    Ru [**....]
Gold:   1359       SH:  0    Dex: 27    Spells: 12/12 levels left

rFire   . . .      SeeInvis +      - Unarmed
rCold   + + .      Faith    +    (shield currently unavailable)
rNeg    + + +      Spirit   .    (body armour currently unavailable)
rPois   ∞          Reflect  .    (helmet currently unavailable)
rElec   .          Harm     .    (cloak currently unavailable)
rCorr   .          Rampage  .    (gloves currently unavailable)
Will    +....                    (boots currently unavailable)
Stlth   +++++++++                L - amulet of Fatigue {Faith rN+ Int+5}
HPRegen 0.00/turn                (ring currently unavailable)
MPRegen 0.13/turn                (ring currently unavailable)

@: bat-form, petrified, flying, bloodless, inhibited regen, slowed, very quick
A: fast, flying, no casting, tiny, bloodless, fangs 3, see invisible, inability
to train armour, disrupted magic 1, vampiric 2
a: Revivify, End Transformation, Renounce Religion


You were on level 5 of the Lair of Beasts.
You worshipped Ru.
Ru was pleased with you.
You were a vampire bat.
You visited 3 branches of the dungeon, and saw 18 of its levels.
You also visited: Gauntlet.

You collected 1359 gold pieces.

Inventory:

Armour
 a - a +1 robe (melded)
Jewellery
 f - a ring of protection from cold
 i - a ring of willpower (melded)
 o - a ring of fire
 q - a +4 ring of protection
 r - a ring of ice
 v - a +4 ring of protection
 F - the ring "Leilynk" {rF+ Will+}
   (You found it in a Gauntlet)

   [ring of willpower]

   rF:        It protects you from fire.
   Will:      It increases your willpower.
 H - a ring of protection from cold
 J - an amulet of regeneration
 L - the amulet of Fatigue (around neck) {Faith rN+ Int+5}
   (You found it in a Gauntlet)

   [amulet of faith]

   It allows you to gain divine favour quickly.
   Int:       It affects your intelligence (+5).
   rN:        It protects you from negative energy.
 Q - a +6 ring of intelligence
 U - a ring of magical power
Wands
 s - a wand of quicksilver (1)
 w - a wand of roots (7)
 K - a wand of polymorph (9)
 N - a wand of charming (12)
Scrolls
 c - 3 scrolls of noise
 g - 8 scrolls of teleportation
 j - 4 scrolls of identify
 m - 3 scrolls of fog
 t - a scroll of poison
 u - 2 scrolls of immolation
 y - 2 scrolls of enchant armour
 A - 4 scrolls of summoning
 B - 2 scrolls of brand weapon
 M - a scroll of silence
 S - a scroll of vulnerability
 V - 2 scrolls of amnesia
Potions
 b - 3 potions of ambrosia
 d - 4 potions of lignification
 h - a potion of resistance
 k - a potion of might
 l - 2 potions of haste
 n - 4 potions of mutation
 p - 7 potions of heal wounds
 x - 2 potions of invisibility
 z - 6 potions of degeneration
 D - 5 potions of attraction
 E - 4 potions of brilliance
 G - 6 potions of curing
 T - a potion of berserk rage {unknown}
Miscellaneous
 I - a phantom mirror
 P - a tin of tremorstones (2/2)


   Skills:
 - Level 7.0 Fighting
 + Level 15.5 Dodging
 - Level 15.0 Stealth
 - Level 15.0 Unarmed Combat
 - Level 5.0 Evocations


You had 12 spell levels left.
You didn't know any spells.
Your spell library contained the following spells:

 Spells                   Type           Power      Damage    Failure   Level
 Sublimation of Blood     Necr           0%         N/A       43%         2
 Wereblood                Tmut           0%         N/A       43%         2
 Ignite Poison            Fire/Tmut/Pois 0%         N/A       65%         3
 Kindle Blastsparks       Fire/Tloc/Air  0%         2d10      65%         3
 Stone Arrow              Conj/Erth      0%         3d7       65%         3
 Summon Guardian Golem    Hex/Summ       0%         N/A       65%         3
 Animate Armour           Summ/Erth      0%         N/A       96%         4
 Animate Dead             Necr           0%         N/A       96%         4
 Petrify                  Tmut/Erth      0%         N/A       96%         4
 Blade Hands              Tmut           0%         N/A       100%        5
 Fireball                 Conj/Fire      0%         3d3       100%        5
 Freezing Cloud           Conj/Ice/Air   0%         6-21      100%        5
 Irradiate                Conj/Tmut      0%         3d11      100%        5
 Iskenderun's Battlesphe  Conj           0%         2d6       100%        5
 Conjure Ball Lightning   Conj/Air       0%         3x3d6     100%        6
 Iron Shot                Conj/Erth      0%         9d1       100%        6
 Haunt                    Necr/Summ      0%         N/A       100%        7
 Orb of Destruction       Conj           0%         9d5       100%        7
 Spellforged Servitor     Conj/Summ      0%         N/A       100%        7
 Summon Hydra             Summ           0%         N/A       100%        7
 Discord                  Hex            0%         N/A       100%        8
 Disjunction              Tloc           0%         N/A       100%        8
 Infestation              Necr           0%         N/A       100%        8
 Lehudib's Crystal Spear  Conj/Erth      0%         10d2      100%        8


Dungeon Overview and Level Annotations

Branches:
Dungeon (12/15) Zot: 26355  Temple (1/1) D:4 Zot: 5903    Lair (5/5) D:8 Zot: 24748
 Shoals (0/4) Lair:3        Snake (0/4) Lair:2          Orc (0/2) D:11
Gauntlet (visited)
  Slime: Lair:4-5

Altars:
Ashenzari
Cheibriados
Dithmenos
Fedhas
Gozag
Hepliaklqana
Kikubaaqudgha
Makhleb
Nemelex Xobeh
Okawaru
Qazlal
Ru
Sif Muna
Trog
Uskayaw
Vehumet
Wu Jian
Xom
Yredelemnul

Shops:
D:5 *   D:11 [

Annotations:
D:4 Ijyb
D:5 Duvessa
D:7 exclusion: door
D:8 exclusion: downstairs
D:10 Harold
D:11 exclusion: boulder beetle
D:12 exclusion: ugly thing, Gastronok, Jorgrun
Lair:3 exclusion: hydra


Innate Abilities, Weirdness & Mutations

You are a vampire bat.
You are tiny and dextrous.
You move quickly.
You are flying.
You are immune to poison.
Your equipment is almost entirely melded.
You are incapable of wielding weapons or throwing items.
You cannot cast spells.
You do not regenerate when monsters are visible.
You are frail without blood (-20% HP).
You can heal yourself when you bite living creatures.
You are immune to poison.
You have razor-sharp teeth.
You have supernaturally acute eyesight. (SInv)
You cannot train Armour skill.
Your casting is slightly disrupted.
You are afflicted with vampirism and can become a bat while bloodless.


Message History

A basilisk comes into view.
The basilisk gazes at you.
You are slowing down.
Okay, then.
Okay, then.
Unknown command.
Okay, then.
Unknown command.
Okay, then.
Unknown command.
The yak closely misses you. The yak gores you! The yak closely misses you.
The yak barely misses you. The basilisk gazes at you.
You easily resist.
The basilisk bites you!!
You focus your inner power and illuminate the basilisk in retribution!
The yak misses you.
The yak completely misses you. x2; The yak gores you!
The basilisk hisses menacingly.
The basilisk gazes at you.
Your limbs have turned to stone.
The yak gores you. The basilisk gazes at you.
You easily resist.
The basilisk gazes at you.
Your limbs have turned to stone.
The yak gores you. The yak gores you! The yak completely misses you.
You have turned to stone.
You stop ascending the stairs.
The yak gores you! The yak gores you. The yak barely misses you.
The yak gores you! The basilisk bites you. The basilisk gazes at you.
The basilisk bites you!
* * * LOW HITPOINT WARNING * * *
The yak gores you!
* * * LOW HITPOINT WARNING * * *
The yak barely misses you. x2; The yak closely misses you.
The yak gores you!
* * * LOW HITPOINT WARNING * * *
The yak gores you.
* * * LOW HITPOINT WARNING * * *
The yak barely misses you. The basilisk bites you. The yak gores you!
You die...

###........ ##
..........##.#.
...............
...............
...... #
...............
..... .
...............
.... .
...(...lY...?..
... .
.....llbYY.....
..#.
.......wY......
##.⌠.
.......Y.......
#....
...............
#⌠.<.
...$.......#...
#....
..........## ..
##...
#..P...[..# ..
....
.###P.....#
...##.....
##Y.#.#...


You could see a torpor snail, 5 yaks and 3 basilisks.

Vanquished Creatures
  A minotaur (Gauntlet)
  4 hydras (Lair:4)
  2 catoblepae (Lair:4)
  A boulder beetle (Lair:3)
  2 two-headed ogres
  2 death yaks (Lair:4)
  A vampire mage (D:12)
  Urug (D:12)
  A fire crab (Lair:4)
  Pikel (D:3)
  A deep elf pyromancer (D:12)
  A manticore (D:11)
  5 elephants (Lair:4)
  Maurice (D:10)
  An orange demon (Gauntlet)
  6 black mambas
  5 cane toads
  2 torpor snails (Lair:4)
  A gargoyle (D:10)
  2 rime drakes (Lair:4)
  A kobold demonologist (D:12)
  5 komodo dragons
  A troll (D:8)
  5 dream sheep (Lair:4)
  A snapping turtle (Lair:3)
  A shadow (D:12)
  2 wraiths
  25 yaks
  6 vampires (D:12)
  A ynoxinul (Gauntlet)
  Eustachio (D:5)
  3 basilisks
  7 wyverns
  4 steam dragons
  A harpy simulacrum (Gauntlet)
  Edmund (D:4)
  3 vampire mosquitoes (D:10)
  A naga (Lair:2)
  5 acid dragons
  11 water moccasins
  2 orc warriors
  4 sky beasts
  8 wolves
  A centaur (D:8)
  A lemure (D:5)
  4 kobold brigands
  12 bullfrogs
  3 gnoll sergeants
  2 necrophages
  6 wights
  Dowan (D:5)
  7 killer bees (D:8)
  5 howler monkeys
  4 electric eels
  4 hounds
  2 iron imps (Gauntlet)
  8 orc priests
  4 gnoll boudas
  3 iguanas
  13 orc wizards
  16 gnolls
  5 adders
  2 shadow imps
  2 white imps
  An ufetubus (D:7)
  A dart slug (D:2)
  46 orcs
  5 ball pythons
  3 bats
  4 endoplasms
  3 giant cockroaches
  5 goblins
  4 hobgoblins
  A quokka (D:1)
  3 frilled lizards
  17 kobolds
  3 rats
341 creatures vanquished.

Vanquished Creatures (collateral kills)
  A komodo dragon (Lair:2)
  A basilisk (Lair:2)
  An orc warrior (D:8)
  A scorpion (D:4)
  An orc (D:7)
5 creatures vanquished.

Vanquished Creatures (others)
  A rime drake (Lair:5)
  A vampire (D:12)
  A yak (D:8)
  A basilisk (Lair:4)
  An orc warrior (D:11)
  A wolf (Lair:2)
  2 gnolls
  A white imp (D:7)
  An orc (D:9)
  A kobold (D:11)
  17 demonic plants (Gauntlet)
  23 fungi
  36 plants
87 creatures vanquished.

Grand Total: 433 creatures vanquished

Notes
Turn   | Place    | Note
-------+----------+-------------------------------------------
     0 | D:1      | holysushi the Vampire Monk began the quest for the Orb.
     0 | D:1      | Reached XP level 1. HP: 17/17 MP: 1/1
   495 | D:1      | Reached XP level 2. HP: 23/23 MP: 2/2
   944 | D:2      | Gained mutation: You are afflicted with vampirism and can
                  | become a bat while bloodless. [Vampire growth]
   944 | D:2      | Reached XP level 3. HP: 25/28 MP: 3/3
  1097 | D:2      | Found a faded altar of an unknown god.
  1356 | D:3      | Reached skill level 5 in Unarmed Combat
  1472 | D:3      | Found a shimmering blue altar of Sif Muna.
  1957 | D:4      | Noticed Edmund
  2205 | D:4      | Found a staircase to the Ecumenical Temple.
  2212 | Temple   | Entered the Ecumenical Temple
  2267 | Temple   | Became a worshipper of Ru the Awakened
  2271 | Temple   | Gained mutation: You cannot train Armour skill. [Ru
                  | sacrifice]
  2271 | Temple   | Reached * piety under Ru
  2304 | D:4      | Noticed a scorpion
  2500 | D:4      | HP: 1/22 [scorpion (4)]
  2797 | D:5      | Entered Level 5 of the Dungeon
  2839 | D:5      | Noticed a necrophage
  2897 | D:4      | Killed a scorpion
  2898 | D:4      | Reached XP level 4. HP: 27/27 MP: 4/4
  2948 | D:4      | Noticed a black bear
  3156 | D:4      | Noticed Ijyb
  3755 | D:5      | Reached XP level 5. HP: 27/31 MP: 5/5
  3835 | D:5      | Noticed a lemure
  3930 | D:5      | Found Sexeetir's Superlative Supplies.
  4131 | D:5      | Found a basalt altar of Yredelemnul.
  4215 | D:5      | Noticed Duvessa
  4215 | D:5      | Noticed Dowan
  4424 | D:5      | Noticed Eustachio
  4446 | D:5      | Killed Eustachio
  4447 | D:5      | Reached skill level 5 in Dodging
  4447 | D:5      | Reached XP level 6. HP: 12/36 MP: 6/6
  5190 | D:5      | Noticed Pikel
  5777 | D:3      | Killed Pikel
  5778 | D:3      | Reached XP level 7. HP: 20/40 MP: 7/7
  5992 | D:4      | Killed Edmund
  6099 | D:4      | Identified the +8 dagger "Burom" {spect, rF+ Will+ Int+2}
  6534 | D:5      | Found a basalt altar of Yredelemnul.
  6634 | D:5      | Found Sexeetir's Superlative Supplies.
  6676 | D:5      | Killed Dowan
  6677 | D:5      | Reached XP level 8. HP: 36/45 MP: 8/8
  7720 | D:6      | Reached skill level 10 in Unarmed Combat
  7914 | D:6      | Reached skill level 1 in Evocations
  8060 | D:6      | Found a blossoming altar of Fedhas.
  8523 | D:6      | Gained mutation: Your casting is slightly disrupted. [Ru
                  | sacrifice]
  8523 | D:6      | Reached ** piety under Ru
  8648 | D:6      | Reached skill level 5 in Stealth
  8723 | D:7      | Noticed a two-headed ogre
  8855 | D:7      | Reached XP level 9. HP: 41/49 MP: 9/9
  9110 | D:7      | Noticed a green ugly thing
 11304 | D:8      | Reached XP level 10. HP: 54/54 MP: 10/10
 11315 | D:8      | Identified the +1 scale mail of Insatiable Hunger {Regen+
                  | Int+3}
 11609 | D:8      | Found a staircase to the Lair.
 12070 | D:8      | Reached skill level 10 in Dodging
 13503 | D:9      | Found a stormy altar of Qazlal.
 13899 | D:9      | Reached skill level 10 in Stealth
 14780 | D:10     | Entered Level 10 of the Dungeon
 14818 | D:10     | Noticed a gargoyle
 15141 | D:9      | Reached XP level 11. HP: 42/61 MP: 11/11
 15496 | D:10     | Noticed Harold
 15512 | D:10     | Found a hide-covered altar of Uskayaw.
 15562 | D:10     | Noticed Maurice
 15583 | D:10     | Killed Maurice
 16367 | D:11     | Noticed a two-headed ogre
 16463 | D:11     | Killed a two-headed ogre
 16571 | D:11     | Found Sikka's Armour Boutique.
 16646 | D:11     | Noticed a boulder beetle
 17189 | D:11     | Found a staircase to the Orcish Mines.
 17637 | D:12     | Noticed Urug
 17690 | D:12     | Noticed a green ugly thing
 17710 | D:12     | Noticed a deep elf pyromancer
 17722 | D:12     | Killed a deep elf pyromancer
 17797 | D:12     | Killed Urug
 17874 | D:12     | Noticed Jorgrun
 18092 | D:12     | Found an ancient bone altar of Kikubaaqudgha.
 18092 | D:12     | Noticed a vampire mage
 18099 | D:12     | Noticed a shadow wraith
 18112 | D:12     | Killed a vampire mage
 18137 | D:12     | Identified the +5 flail of Alioph {flame, *Noise Int+5}
 18255 | D:12     | Noticed a two-headed ogre
 18260 | D:12     | Killed a two-headed ogre
 18307 | D:12     | Noticed Gastronok
 18550 | Lair:1   | Entered Level 1 of the Lair of Beasts
 18680 | Lair:1   | Reached XP level 12. HP: 66/66 MP: 12/12
 18848 | Lair:1   | Found a gate leading to a gauntlet.
 18858 | Gauntlet | Entered a Gauntlet
 18858 | Gauntlet | Found a transporter.
 18858 | Gauntlet | Found a transporter.
 18858 | Gauntlet | Found a transporter.
 18858 | Gauntlet | Found a transporter.
 18878 | Gauntlet | Found a transporter.
 18888 | Gauntlet | Found a transporter.
 18892 | Gauntlet | Found a transporter.
 18900 | Gauntlet | Noticed a death yak
 18903 | Gauntlet | Noticed a death yak
 18903 | Gauntlet | Noticed a death yak
 18903 | Gauntlet | Noticed a death yak
 18908 | Gauntlet | Found a transporter.
 18923 | Gauntlet | Found a transporter.
 18927 | Gauntlet | Noticed a green death
 18928 | Gauntlet | Found a transporter.
 18932 | Gauntlet | Found a transporter.
 18942 | Gauntlet | Found a transporter.
 19080 | Gauntlet | Identified the ring "Leilynk" {rF+ Will+}
 19106 | Gauntlet | Identified the amulet of Fatigue {Faith rN+ Int+5}
 19165 | Gauntlet | Noticed a minotaur
 19268 | Gauntlet | Killed a minotaur
 19269 | Gauntlet | Reached skill level 15 in Unarmed Combat
 19885 | Lair:2   | Found a staircase to the Snake Pit.
 20076 | Lair:2   | Noticed Sonja
 20084 | Lair:2   | Sonja changed into Sonja the sky beast
 20084 | Lair:2   | Noticed Sonja
 20088 | Lair:2   | Killed Sonja the sky beast
 20220 | Lair:2   | Noticed an eight-headed hydra
 21742 | Lair:3   | Found a staircase to the Shoals.
 21791 | Lair:3   | Noticed a seven-headed hydra
 22125 | Lair:4   | Noticed a boulder beetle
 22439 | Lair:3   | Killed a boulder beetle
 22440 | Lair:3   | Reached skill level 5 in Fighting
 22947 | Lair:4   | Noticed an eight-headed hydra
 23446 | Lair:4   | Noticed a five-headed hydra
 23547 | Lair:4   | Noticed a seven-headed hydra
 23885 | Lair:4   | Noticed a catoblepas
 23990 | Lair:4   | Killed a five-headed hydra
 23991 | Lair:4   | Reached skill level 15 in Dodging
 23991 | Lair:4   | Reached XP level 13. HP: 66/72 MP: 13/13
 24256 | Lair:4   | Reached skill level 5 in Evocations
 24292 | Lair:4   | Identified the +6 chain mail of the Chupacabra {+Blink rF+
                  | rC+}
 25132 | Lair:4   | Reached skill level 15 in Stealth
 25283 | Lair:5   | Entered Level 5 of the Lair of Beasts
 26120 | Lair:5   | HP: 3/76 [yak[a torpor snail] (1)]
 26121 | Lair:5   | Slain by a yak

Illustrated notes

Levels and vault maps discovered:
D:1:      eino_arrival_druids_welcome, layout_loops_ring, minmay_pentomino_u2
D:2:      layout_basic, shapermc_ecumenical_altar_ellora
D:3:      layout_loops_ring, led_sif_pool
D:4:      black_bear_nest_2, layout_loops_corners, minmay_temple_entry_arrows,
          item_on_display_a, uniq_ijyb, uniq_edmund
D:5:      layout_basic, amcnicky_altar_gilded, mainiacjoe_overflow_chevrons,
          nicolae_eternal_life, nicolae_alphabet_shops, uniq_pikel,
          uniq_duvessa, uniq_eustachio
D:6:      layout_rooms, general_overflow_altar
D:7:      layout_basic, hangedman_decor_riveting, minmay_shattered_shrine
D:8:      minmay_the_grid_octo_tiled_squarecenter
          [minmay_the_grid_octo_vomiting_pacman, minmay_the_grid_octo_toaster,
          minmay_the_grid_octo_odd_swirl, minmay_the_grid_octo_fat_diamond,
          minmay_the_grid_square_5x5_megaprize_hollow,
          minmay_the_grid_square_5x5_checkered_sparse,
          minmay_the_grid_square_5x5_longway, minmay_the_grid_square_5x5_forky,
          minmay_the_grid_square_5x5_slash], layout_loops_ring,
          chequers_serial_rivers_micro_e
D:9:      layout_cross, overflow_temple_1_default, kennysheep_flooded_box
D:10:     layout_roguey, mainiacjoe_overflow_24_doors, uniq_harold, uniq_maurice
D:11:     layout_basic, hiddenorc1_lemuel, serial_shops,
          nicolae_inconvenience_store
D:12:     layout_loops_ring, nicolae_nh_vlads_tower, uniq_jorgrun, uniq_urug,
          uniq_gastronok
Temple:   nicolae_temple_x_marks_the_god
Lair:1:   layout_roguey, gauntlet_entry_generic, lemuel_another_geyser
Lair:2:   layout_cave_pods, minmay_snake_entry_guardpost_small,
          serial_bayou_shore_b, grunt_megastairs_5, uniq_sonja
Lair:3:   layout_chaotic_city, minmay_shoals_entry_hut, lemuel_fruit_tree
Lair:4:   nzn_winding_woodlands_large [nzn_winding_woodlands_hourglass,
          nzn_winding_woodlands_5x15_sawtooth, nzn_winding_woodlands_5x5_cross,
          nzn_winding_woodlands_center_triple_pond,
          nzn_winding_woodlands_15x15_thick_spiral,
          nzn_winding_woodlands_center_garden, nzn_winding_woodlands_5x5_three,
          nzn_winding_woodlands_5x15_cabin,
          nzn_winding_woodlands_5x5_closed_star], layout_long_grid,
          serial_bayou_shore_a
Lair:5:   wormcave, layout_hall_layers, hangedman_lair_caniforms_friends,
          minmay_slime_entry_pillars, grunt_megastairs_1

Skill      XL: |  1  2  3  4  5  6  7  8  9 10 11 12 13 |
---------------+----------------------------------------+-----
Unarmed Combat | 4 5 6 9 11 12 14 15 | 15.0
Dodging        | 4 5 6 9 11 13 15 | 15.5
Stealth        | 5 8 10 13 15 | 15.0
Evocations     | 2 3 4 5 |  5.0
Fighting       | 4 5 7 |  7.0

Action                     |  1- 3 |  4- 6 |  7- 9 | 10-12 | 13-15 || total
---------------------------+-------+-------+-------+-------+-------++-------
  Melee: Unarmed           |   152 |   158 |   337 |  1131 |   218 ||  1996
         Bite              |    16 |    33 |    67 |   220 |    49 ||   385
         Punch             |     1 |       |       |       |       ||     1
 Invoke: Sacrifice Durabil |     1 |       |       |       |       ||     1
         Sacrifice Essence |       |       |     1 |       |       ||     1
         Reject Sacrifices |       |       |       |     2 |     1 ||     3
Ability: Bat Form          |     1 |       |       |       |       ||     1
         Exsanguinate      |     1 |       |       |       |       ||     1
  Evoke: Wand              |       |     2 |    13 |     9 |       ||    24
         Phantom mirror    |       |       |       |     2 |       ||     2
    Use: Scroll            |     8 |       |     1 |    15 |     5 ||    29
         Potion            |       |       |       |     6 |     1 ||     7
   Stab: Sleeping          |    15 |     5 |    10 |    30 |       ||    60
         Distracted        |       |       |     6 |    14 |     4 ||    24
         Invisible         |       |       |       |     4 |     2 ||     6
         Petrified         |       |       |       |     9 |       ||     9
         Petrifying        |       |       |       |     2 |       ||     2
 Armour: Robe              |     6 |       |       |       |       ||     6
  Dodge: Dodged            |    94 |   119 |   232 |  1053 |   267 ||  1765

Table legend: (Time is in decaauts)
 A = Elapsed time spent in this place.
 B = Non-inter-level travel time spent in this place.
 C = Inter-level travel time spent in this place.
 D = Time resting spent in this place.
 E = Time spent auto-exploring this place.
 F = Levels seen in this place.
 G = Mean time per level.
                   A        B        C        D        E       F      G
               +--------+--------+--------+--------+--------+-----+--------+
         Total |  19716 |  19004 |    712 |   6603 |   6736 |  19 | 1037.7 |
       Dungeon |  14120 |  13520 |    600 |   4756 |   4981 |  12 | 1176.7 |
        Temple |     97 |     97 |      0 |     53 |     27 |   1 |   97.0 |
          Lair |   5250 |   5139 |    111 |   1779 |   1641 |   5 | 1050.0 |
      Gauntlet |    248 |    248 |      0 |     15 |     86 |   1 |  248.0 |
               +--------+--------+--------+--------+--------+-----+--------+

Top non-repeatable levels by time:
  Lair:4: 2823 daAuts
     D:8: 2273 daAuts
     D:7: 2160 daAuts
     D:4: 2016 daAuts
     D:5: 1650 daAuts
  Lair:3: 998 daAuts
    D:10: 887 daAuts
     D:9: 877 daAuts
     D:6: 866 daAuts
    D:11: 855 daAuts
  Lair:2: 853 daAuts
     D:3: 703 daAuts
     D:1: 672 daAuts
     D:2: 583 daAuts
    D:12: 573 daAuts
